Map: Shrines of Lizul

Players

Yuridio

  • Race: Terran Terran
  • League: Platinum
  • Spawn Location: 12:00

Adriols

  • Race: Terran Terran
  • Spawn Location: 3:00

OpuS

  • Race: Protoss Protoss
  • League: Platinum
  • Spawn Location: 6:00

Sketchaphone

  • Race: Zerg Zerg
  • League: Platinum
  • Spawn Location: 9:00

VOD

Have the link to the VOD?

Description

Time

  • Played on: Feb. 17, 2019, 8:32 p.m.
  • Length: 17:02
Show
View Real Time Build Order
Export as new Build Order

Yuridio Terran 

Build Orders:  

Get SALT Encoding   

  12  0:01  SCV  
  13  0:13  SCV  
  14  0:25  SCV  
  14  0:27  Supply Depot  
  15  0:36  Refinery  
  15  0:42  Refinery  
  15  0:50  Barracks  
  15  1:04  Barracks  
  15  1:11  SCV  
  16  1:25  Supply Depot  
  16  1:34  SCV  
  17  1:41  Reaper  
  18  1:52  Reaper  
  19  2:05  SCV  
  20  2:13  Reaper  
  21  2:22  SCV  
  22  2:24  Reaper  
  23  2:34  SCV  
  24  2:45  Reaper  
  25  2:57  Reaper  
  25  3:17  Reaper  
  27  3:34  Reaper  
  27  3:49  Reaper  
  23  4:06  Reaper  
  23  4:07  Supply Depot  
  7  4:32  Marine  
  7  4:38  Marine  
  9  4:44  Supply Depot  
  9  4:50  Marine  
  1  5:33  Barracks Reactor  
  1  5:42  Orbital Command, Barracks Reactor  
  1  5:51  Supply Depot  
  1  6:09  Marine  
  1  6:10  Marine  
  3  6:12  SCV  
  4  6:18  Marine x2  
  4  6:25  SCV  
  7  6:27  Marine  
  8  6:37  SCV  
  9  6:49  SCV  
  10  6:54  Engineering Bay  
  10  7:01  SCV  
  11  7:07  Marine x2  
  13  7:17  SCV  
  14  7:29  SCV  
  15  7:34  Missile Turret  
  15  7:37  Marine x3  
  15  7:41  SCV  
  15  7:44  Marine  
  20  8:12  SCV  
  21  8:16  Missile Turret  
  21  8:24  SCV  
  22  8:32  Marine x4  
  26  8:36  SCV  
  27  8:48  SCV  
  27  8:54  Factory  
  28  9:00  SCV  
  29  9:02  Supply Depot  
  29  9:27  Command Center  
  29  9:37  Factory Tech Lab  
  29  9:39  Starport  
  29  9:40  SCV  
  30  9:53  SCV  
  31  10:03  Siege Tank  
  31  10:05  SCV  
  35  10:17  SCV  
  36  10:29  SCV  
  36  10:33  Starport Reactor, Marine x2  
  39  10:36  Barracks  
  39  10:38  Marine x2  
  41  10:44  Supply Depot  
  41  11:01  Missile Turret  
  41  11:09  Medivac x2  
  45  11:18  SCV  
  46  11:30  SCV  
  47  11:34  Orbital Command  
  47  11:43  SCV  
  47  11:44  Medivac  
  50  11:55  SCV  
  51  12:38  Medivac x2  
  51  12:40  Barracks Tech Lab  
  51  12:43  SCV  
  47  12:55  SCV  
  48  12:59  Combat Shield  
  48  13:03  Marine x5  
  53  13:07  SCV  
  53  13:11  Terran Infantry Weapons Level 1  
  54  13:19  SCV  
  55  13:21  Marine x5  
  60  13:31  SCV  
  60  13:33  Supply Depot  
  61  13:36  Supply Depot  
  61  13:38  Marine  
  62  13:43  Refinery  
  62  13:44  Refinery  
  62  13:54  Marine x4  
  62  13:55  SCV  
  67  13:56  Marine  
  68  14:07  SCV  
  69  14:12  Marine x2  
  70  14:19  Stimpack, SCV  
  71  14:31  SCV  
  71  14:33  Marine, Missile Turret  
  71  14:34  Marine x4  
  76  14:51  Marine x2  
  78  15:35  Supply Depot  
  78  15:37  Supply Depot x2  
  78  15:56  Marine x4  
  78  15:57  Medivac x2  
  86  15:58  Marine, SCV  
  86  15:59  Supply Depot  
  86  16:01  Supply Depot  
  86  16:14  Marine x4  
  86  16:16  Marine  
  91  16:27  Medivac x2  
  91  16:32  Marine x4  
  99  16:34  Marine  
Show
View Real Time Build Order
Export as new Build Order

Adriols Terran 

Build Orders:  

Get SALT Encoding   

  12  0:01  SCV  
  13  0:13  SCV  
  14  0:23  Supply Depot  
  14  0:25  SCV  
  15  0:31  Refinery  
  15  0:45  SCV  
  15  0:47  Barracks  
  16  0:57  SCV  
  17  1:05  Barracks  
  17  1:11  SCV  
  18  1:23  SCV  
  19  1:35  Reaper, SCV  
  19  1:39  Supply Depot  
  21  1:43  Refinery  
  21  1:47  SCV  
  21  1:52  Reaper  
  23  2:00  SCV  
  25  2:12  SCV  
  25  2:14  Reaper  
  26  2:27  Command Center  
  26  2:30  SCV  
  27  3:08  Marine x2  
  29  3:24  Factory  
  29  3:25  Orbital Command  
  28  3:47  Barracks Reactor  
  28  3:48  Barracks Tech Lab  
  28  3:50  Orbital Command  
  27  4:07  Barracks, Factory Tech Lab  
  27  4:09  Marauder  
  29  4:11  Stimpack  
  29  4:13  SCV  
  30  4:25  SCV  
  31  4:35  Marine x2  
  31  4:36  Marauder  
  31  4:37  Siege Tank  
  38  4:42  Supply Depot  
  38  4:50  Orbital Command  
  38  5:00  Barracks Reactor  
  38  5:14  Marine x2  
  38  5:15  Marauder  
  41  5:22  Starport  
  41  5:23  Siege Tank  
  41  5:25  Barracks  
  41  5:27  SCV  
  44  5:29  SCV  
  45  5:36  Marine x2  
  45  5:39  SCV  
  45  5:41  SCV  
  49  5:47  Marine x2  
  49  5:48  Marauder  
  53  5:51  SCV  
  54  6:06  Starport Reactor  
  54  6:08  Supply Depot  
  54  6:11  Supply Depot  
  54  6:20  Command Center  
  54  6:23  Barracks Reactor  
  54  6:27  Engineering Bay  
  54  6:29  Marine x4, SCV x2  
  54  6:30  Marauder  
  62  6:41  SCV x2  
  62  6:44  Refinery  
  62  6:45  Medivac x2, Supply Depot  
  68  6:47  Marine x2  
  68  6:51  Combat Shield  
  70  6:57  Supply Depot  
  70  7:02  Terran Infantry Weapons Level 1  
  70  7:03  Marine  
  70  7:04  Marine, SCV  
  70  7:07  Marine x2, SCV  
  73  7:09  Supply Depot  
  73  7:10  Marine  
  73  7:11  Marine, Supply Depot  
  73  7:13  Marine  
  76  7:17  Medivac  
  78  7:32  Marine  
  78  7:33  Marine x4  
  78  7:34  SCV  
  78  7:35  SCV x2  
  86  7:47  SCV  
  86  7:50  Engineering Bay  
  87  8:00  Marine  
  87  8:01  Marine x4  
  87  8:02  Marine, Marauder  
  95  8:18  Marine x2  
  95  8:19  Marine x2  
  99  8:30  SCV x3  
  99  8:32  Marine x2  
  99  8:33  Marine  
  102  8:36  Marine  
  96  8:42  Medivac  
  96  8:43  Medivac  
  91  8:49  Marine x2  
  91  8:50  Marine  
  91  8:51  Concussive Shells  
  91  8:53  Orbital Command  
  94  8:59  Missile Turret  
  94  9:00  Missile Turret  
  94  9:07  SCV x2, Refinery  
  96  9:12  Medivac  
  96  9:13  Medivac  
  100  9:18  Terran Infantry Armor Level 1  
  100  9:19  SCV x2  
  100  9:20  Missile Turret, Hi-Sec Auto Tracking  
  100  9:21  Armory  
  102  9:28  Missile Turret  
  102  9:29  Marine x2  
  102  9:31  Marine  
  105  9:35  SCV  
  105  9:36  SCV  
  107  9:40  Missile Turret  
  107  9:50  Missile Turret  
  107  9:57  Marine  
  107  9:58  Marine x5  
  107  9:59  Marauder  
  115  10:08  SCV x2  
  115  10:09  Supply Depot  
  115  10:11  Missile Turret  
  115  10:13  Refinery  
  117  10:15  Missile Turret  
  116  10:31  Supply Depot  
  116  10:34  Missile Turret  
  113  10:47  Barracks  
  113  10:50  Marine x2  
  113  10:51  Marine x4  
  113  10:52  Marauder  
  113  10:55  Terran Infantry Weapons Level 2, Supply Depot  
  121  11:05  Barracks  
  121  11:19  Supply Depot  
  121  11:22  Terran Infantry Armor Level 2  
  121  11:24  Terran Vehicle Weapons Level 1  
  121  11:28  SCV  
  121  11:29  SCV x2  
  124  11:36  Factory  
  124  11:40  SCV  
  124  11:43  Supply Depot  
  124  11:45  Liberator  
  124  11:46  Liberator  
  125  11:56  Factory  
  125  12:00  Siege Tank  
  128  12:05  Supply Depot  
  113  12:25  Factory Tech Lab  
  113  12:29  Supply Depot  
  113  12:30  Armory  
  113  12:32  Siege Tank  
  113  12:35  Marine x3  
  113  12:36  Marine x3  
  124  12:37  Marauder  
  124  12:38  Barracks Tech Lab x2  
  124  12:41  Factory Tech Lab  
  124  12:43  Supply Depot  
  124  12:58  Siege Tank, Marauder  
  129  13:02  Siege Tank  
  132  13:07  Supply Depot  
  132  13:20  Terran Vehicle Weapons Level 2, Supply Depot  
  132  13:21  Terran Vehicle And Ship Armor Level 1  
  131  13:34  Marine x4, Marauder x3  
  131  13:35  Marine  
  137  13:43  Marine  
  137  13:45  Supply Depot  
  137  13:46  Liberator x2  
  138  13:50  Barracks  
  138  13:52  Marine x2, Terran Infantry Armor Level 3, Terran Infantry Weapons Level 3  
  140  14:09  Siege Tank  
  149  14:10  Siege Tank x2  
  152  14:28  Liberator x2  
  152  14:41  Siege Tank  
  152  14:42  Siege Tank x2  
  162  14:57  Command Center  
  162  14:58  Command Center  
  160  15:11  Liberator x2  
  159  15:25  Refinery  
  165  15:38  Barracks Reactor  
  165  15:43  Fusion Core  
  165  15:54  Liberator x2  
  165  16:12  Missile Turret  
  165  16:13  Missile Turret  
  171  16:18  Starport  
  171  16:20  Orbital Command  
  171  16:21  Planetary Fortress  
  171  16:33  Missile Turret, Command Center  
  171  16:35  Missile Turret  
  164  16:55  Refinery  
  164  16:56  Refinery  
Show
View Real Time Build Order
Export as new Build Order

OpuS Protoss 

Build Orders:  

Get SALT Encoding   

  12  0:02  Probe  
  13  0:14  Probe  
  14  0:19  Pylon  
  14  0:26  Probe  
  15  0:38  Probe  
  16  0:42  Gateway  
  16  0:46  Probe  
  16  0:52  Assimilator  
  16  0:56  Assimilator  
  17  0:59  Probe  
  18  1:12  Gateway  
  18  1:16  Probe  
  19  1:24  Pylon  
  19  1:29  Probe  
  20  1:33  Zealot  
  22  1:41  Cybernetics Core  
  22  1:46  Probe  
  23  1:55  Zealot  
  23  1:58  Probe  
  24  2:05  Zealot  
  28  2:10  Probe  
  29  2:16  Pylon  
  29  2:19  Warp Gate  
  29  2:25  Stalker  
  29  2:26  Pylon  
  31  2:48  Stalker  
  4  6:17  Probe  
  4  6:34  Probe  
  5  7:05  Probe  
  5  7:13  Probe  
  7  7:23  Probe  
  8  7:33  Probe  
  9  7:41  Probe  
  9  7:49  Probe  
  11  8:02  Probe  
  12  8:14  Probe  
  13  8:26  Probe  
  14  8:38  Probe  
  15  8:48  Probe  
  16  8:56  Probe  
  17  9:04  Probe  
  17  9:08  Robotics Facility  
  18  9:12  Probe  
  19  9:20  Probe  
  19  9:30  Robotics Facility  
  19  9:31  Probe  
  21  9:43  Probe  
  22  9:52  Probe  
  22  9:58  Robotics Bay  
  23  10:00  Probe  
  23  10:01  Nexus  
  24  10:07  Pylon  
  24  10:09  Probe  
  25  10:33  Probe  
  25  10:35  Disruptor x2  
  26  10:48  Probe  
  33  10:58  Assimilator  
  33  11:00  Probe  
  33  11:01  Assimilator  
  33  11:03  Forge  
  34  11:06  Pylon  
  34  11:11  Disruptor  
  34  11:17  Disruptor  
  37  11:21  Probe  
  37  11:22  Probe  
  42  11:36  Probe x2  
  44  11:48  Probe x2  
  44  11:49  Disruptor  
  49  12:04  Probe x2  
  51  12:09  Disruptor  
  42  12:16  Probe  
  42  12:20  Probe  
  44  12:28  Probe  
  45  12:31  Disruptor  
  45  12:33  Protoss Ground Weapons Level 1, Probe  
  49  12:40  Probe  
  50  12:45  Probe  
  50  12:49  Disruptor  
  54  12:53  Probe  
  54  12:57  Probe  
  56  13:02  Stalker x2  
  56  13:05  Probe  
  61  13:09  Probe  
  62  13:13  Photon Cannon  
  62  13:17  Probe  
  62  13:18  Disruptor  
  66  13:21  Probe  
  57  13:29  Probe  
  57  13:33  Probe  
  52  13:35  Stalker  
  52  13:41  Probe  
  55  13:45  Probe  
  52  13:53  Probe  
  47  13:59  Probe  
  48  14:05  Probe  
  49  14:11  Probe  
  50  14:29  Disruptor  
  40  15:29  Nexus  
  40  15:40  Pylon  
  40  16:38  Cybernetics Core  
Show
View Real Time Build Order
Export as new Build Order

Sketchaphone Zerg 

Build Orders: Pool First 

Get SALT Encoding   

  12  0:01  Drone  
  13  0:08  Drone  
  14  0:25  Spawning Pool  
  13  0:30  Drone  
  13  0:34  Extractor  
  13  0:41  Overlord  
  13  0:47  Drone  
  14  1:00  Drone x2  
  14  1:03  Drone  
  17  1:13  Queen  
  17  1:18  Zergling x2  
  20  1:25  Overlord  
  20  1:36  Metabolic Boost  
  20  1:43  Zergling x2  
  20  1:46  Drone  
  22  1:59  Drone  
  23  2:07  Drone  
  24  2:17  Zergling x2  
  25  2:26  Roach Warren, Zergling x2  
  25  2:29  Hatchery  
  23  2:45  Zergling x6  
  26  3:02  Zergling x6  
  29  3:15  Spine Crawler  
  29  3:16  Spine Crawler  
  27  3:34  Drone x2  
  23  4:06  Zergling x18  
  32  4:13  Roach  
  32  4:16  Lair  
  34  4:19  Zergling x2  
  34  4:20  Overlord  
  35  4:37  Queen  
  35  4:38  Drone x2  
  39  4:39  Overlord  
  34  5:08  Zergling x12  
  37  5:17  Drone x2  
  37  5:18  Drone x2  
  39  5:23  Extractor  
  39  5:26  Spire  
  39  5:27  Drone  
  39  5:28  Extractor  
  32  5:49  Roach  
  34  5:54  Drone  
  34  5:55  Drone x2  
  37  6:05  Drone x3  
  37  6:09  Drone  
  37  6:10  Extractor  
  40  6:15  Drone x2  
  42  6:30  Drone x4  
  46  6:39  Drone x3  
  49  6:48  Mutalisk  
  49  6:50  Overlord  
  49  6:52  Overlord  
  51  6:58  Glial Reconstitution  
  51  7:02  Overlord  
  51  7:05  Drone  
  51  7:08  Mutalisk  
  54  7:09  Mutalisk  
  54  7:13  Mutalisk  
  58  7:16  Mutalisk  
  58  7:20  Drone  
  58  7:21  Drone  
  58  7:22  Zergling x2  
  60  7:25  Mutalisk  
  62  7:32  Drone x2  
  62  7:35  Evolution Chamber  
  62  7:36  Mutalisk  
  63  7:38  Mutalisk  
  63  7:41  Mutalisk  
  69  7:45  Mutalisk  
  66  8:08  Roach x4, Hatchery  
  64  8:42  Drone x2  
  64  8:43  Drone x6  
  68  9:01  Spawning Pool  
  67  9:11  Roach  
  69  9:20  Hydralisk Den  
  68  9:24  Drone x10  
  68  9:26  Evolution Chamber  
  68  9:28  Extractor  
  76  9:54  Roach x3  
  76  9:56  Overlord x2  
  82  10:04  Overlord x2  
  80  10:15  Overlord  
  76  10:31  Hydralisk  
  76  10:32  Hydralisk x12  
  90  10:42  Hydralisk  
  85  10:43  Hydralisk x2  
  85  10:47  Hydralisk  
  82  10:53  Hydralisk  
  82  10:54  Hydralisk, Lurker Den  
  77  11:17  Drone  
  77  11:18  Drone x6  
  84  11:20  Extractor  
  84  11:22  Extractor  
  84  11:23  Lair  
  82  11:44  Queen  
  84  11:55  Roach x3  
  84  11:56  Roach  
  84  11:58  Overlord x2  
  84  12:00  Hatchery  
  91  12:03  Zergling x2  
  91  12:20  Queen  
  93  12:26  Overlord  
  93  12:27  Overlord x2  
  93  12:30  Drone x2  
  93  12:31  Drone  
  93  12:35  Lurker  
  93  12:36  Lurker  
  98  12:38  Overlord  
  98  12:39  Overlord  
  98  13:09  Roach x3  
  98  13:10  Roach  
  106  13:19  Overseer  
  100  13:38  Roach x2  
  104  13:45  Drone x4  
  104  13:46  Hydralisk Den, Drone x3  
  110  13:58  Queen  
  112  14:06  Drone x2  
  112  14:07  Overlord x2  
  112  14:16  Infestation Pit  
  111  14:23  Zergling x20  
  121  14:25  Hatchery  
  120  14:36  Hydralisk x3  
  77  15:02  Hydralisk x7  
  77  15:05  Roach  
  93  15:22  Drone x4  
  93  15:27  Hatchery  
  96  15:30  Infestor  
  96  15:31  Infestor  
  100  15:36  Evolution Chamber  
  100  15:37  Evolution Chamber  
  100  15:38  Grooved Spines  
  100  15:39  Roach x6  
  100  15:40  Roach x3  
  116  16:04  Zergling x2  
  117  16:11  Queen  
  117  16:13  Drone x2  
  121  16:20  Zergling x20  
  120  16:37  Lurker  
Tags
 
Add a new tag
Caveats
  • Supply blocks, unpowered buildings, or Contaminate may cause inaccurate times.
  • Supply counts are checked every 10 seconds.